 Dungeon Crawl Stone Soup version 0.27.1-33-g824d729ab1 (webtiles) character file.

Game seed: 10986836204502300591

212 jlumianski the Chopper (level 5, -2/33 HPs)
             Began as a Gargoyle Monk on Dec 17, 2021.
             Was a Believer of Okawaru.
             Shot with an arrow by a centaur (6 damage)
             ... on level 5 of the Dungeon.
             The game lasted 00:13:27 (4030 turns).

jlumianski the Chopper (Gargoyle Monk)              Turns: 4030, Time: 00:13:28

Health: -2/33      AC:  9    Str: 16    XL:     5   Next: 90%
Magic:  0/5        EV: 11    Int: 10    God:    Okawaru [**....]
Gold:   142        SH:  0    Dex: 12    Spells: 4/4 levels left

rFire    . . .     SeeInvis .   a - +1 hand axe
rCold    + . .     Faith    .   (no shield)
rNeg     + . .     Spirit   +   p - +0 ring mail
rPois    ∞         Reflect  .   (no helmet)
rElec    +         Harm     .   (no cloak)
rCorr    .         Rampage  .   (no gloves)
Will     .....                  (no boots)
Stlth    ..........             o - amulet of guardian spirit
HPRegen  0.11/turn              c - ring of flight
MPRegen  0.09/turn              w - ring of protection from cold

@: silenced, flying
A: sickness immunity, AC +4, negative energy resistance 1, electricity
resistance, torment resistance 1, petrification resistance
a: Renounce Religion


You were on level 5 of the Dungeon.
You worshipped Okawaru.
Okawaru was pleased with you.
You visited 1 branch of the dungeon, and saw 5 of its levels.

You collected 142 gold pieces.

Inventory:

Hand Weapons
 a - a +1 hand axe (weapon)
 f - a +3 dagger
Missiles
 g - 14 bolts
 h - 9 stones
 j - 16 poisoned darts (quivered)
 t - a throwing net
Armour
 b - a +0 robe
 p - a +0 ring mail (worn)
Jewellery
 c - a ring of flight (left hand)
 o - an amulet of guardian spirit (around neck)
 w - a ring of protection from cold (right hand)
Scrolls
 e - 2 scrolls of amnesia
 i - a scroll of immolation
 n - a scroll of noise
 u - a scroll of enchant armour
Potions
 d - a potion of invisibility
 k - 2 potions of curing
 l - a potion of might
 q - 2 potions of attraction
 r - a potion of degeneration
 s - a potion of magic


   Skills:
 + Level 4.1 Fighting
 + Level 4.2 Axes
 + Level 1.2 Armour
 + Level 3.2 Dodging
 + Level 2.9 Stealth
 * Level 1.0 Invocations


You had 4 spell levels left.
You didn't know any spells.
Your spell library was empty.

Dungeon Overview and Level Annotations

Branches:
Dungeon (5/15)
 Temple: D:4-7

Altars:
Ashenzari
Kikubaaqudgha
Okawaru
Ru
Vehumet
The Shining One

Shops:
D:2 !

Annotations:
D:4 3 runed translucent doors, Fractals's ghost, amateur MfBe


Innate Abilities, Weirdness & Mutations

You are immune to sickness and miasma.
Your stone body is resilient. (AC +4)
You are immune to poison.
You resist negative energy. (rN+)
You are resistant to electric shocks. (rElec)
You are resistant to unholy torment.
You are immune to petrification.


Message History

You fly upwards.
Level annotation: 3 runed translucent doors, Fractals's ghost, amateur MfBe
There is a stone staircase leading down here.
You fly downwards.
The centaur wields a +0 shortbow.
The centaur shoots an arrow.
The arrow hits you.
The centaur shoots an arrow.
The arrow hits you!
There is a stone staircase leading up here.
Found a spear.
An adder comes into view.
The centaur shoots an arrow.
The arrow hits you but does no damage.
The centaur shoots an arrow.
The arrow hits you but does no damage.
The centaur shoots an arrow.
The arrow hits you!
You hit the bullfrog.
The bullfrog is moderately wounded.
The bullfrog closely misses you.
You barely miss the bullfrog.
The bullfrog is moderately wounded.
The bullfrog hits you but does no damage.
The bullfrog hits you.
You hit the bullfrog but do no damage.
The bullfrog is moderately wounded.
You hit the centaur.
The centaur unwields a +0 shortbow.
The centaur hits you but does no damage.
The centaur barely misses you.
The bullfrog hits you but does no damage.
A phantom comes into view.
The centaur hits you. The centaur barely misses you.
The bullfrog hits you but does no damage.
You closely miss the bullfrog.
The bullfrog is moderately wounded.
You barely miss the centaur.
The centaur hits you but does no damage.
The centaur kicks you. The bullfrog hits you!
* * * LOW HITPOINT WARNING * * *
The centaur hits you.
* * * LOW HITPOINT WARNING * * *
The centaur closely misses you.
The centaur wields a +0 shortbow.
The centaur shoots an arrow.
The arrow hits you.
You die...

.. ..# # ....
.. #.... ...
#..... ....
###...... ..)..
##....#
......#F@..#
#W...S....#
#....c...##
#.........#
...........#
.............
......(.......
...............
..............#


You could see a phantom, a bullfrog, a centaur and an adder.

Vanquished Creatures
  A water moccasin zombie (D:3)
  An orc priest (D:4)
  An orc wizard (D:3)
  An adder skeleton (D:4)
  2 worms (D:4)
  A dart slug (D:2)
  4 orcs
  5 ball pythons
  7 bats
  8 endoplasms
  A giant cockroach (D:2)
  10 goblins
  5 hobgoblins
  7 jackals
  5 kobolds
  4 quokkas
  9 frilled lizards
  5 rats
77 creatures vanquished.

Notes
Turn   | Place    | Note
-------+----------+-------------------------------------------
     0 | D:1      | jlumianski the Gargoyle Monk began the quest for the Orb.
     0 | D:1      | Reached XP level 1. HP: 14/14 MP: 1/1
   111 | D:1      | Reached XP level 2. HP: 19/19 MP: 2/2
   886 | D:1      | Reached XP level 3. HP: 23/23 MP: 3/3
  1807 | D:2      | Found Nanecil's Distillery.
  1998 | D:2      | Reached XP level 4. HP: 28/28 MP: 4/4
  2601 | D:3      | Found a faded altar of an unknown god.
  2681 | D:3      | Found a radiant altar of Vehumet.
  2681 | D:3      | Found a broken altar of Ashenzari.
  2682 | D:3      | Found a sacrificial altar of Ru.
  2736 | D:3      | Reached XP level 5. HP: 13/33 MP: 3/5
  3060 | D:4      | Found an ancient bone altar of Kikubaaqudgha.
  3071 | D:4      | Found an iron altar of Okawaru.
  3073 | D:4      | Found a glowing golden altar of the Shining One.
  3101 | D:4      | Became a worshipper of Warmaster Okawaru
  3101 | D:4      | Reached * piety under Okawaru
  3101 | D:4      | Reached ** piety under Okawaru
  3351 | D:4      | Found a runed translucent gate.
  3351 | D:4      | Found a runed translucent gate.
  3351 | D:4      | Found a runed translucent gate.
  3411 | D:4      | Noticed Fractals's ghost (amateur MfBe)
  3817 | D:4      | Reached skill level 1 in Armour
  3817 | D:4      | Reached skill level 1 in Invocations
  4011 | D:5      | Entered Level 5 of the Dungeon
  4020 | D:5      | Noticed a centaur
  4028 | D:5      | Noticed a phantom
  4030 | D:5      | Shot with an arrow by a centaur

Illustrated notes

Levels and vault maps discovered:
D:1:      ncdulo_smallfort, layout_loops_ring, st_stairs_8
D:2:      layout_loops_ring, serial_shops, nicolae_shop_waterfront
D:3:      layout_rooms, gammafunk_temple_overflow_forgotten,
          shapermc_ecumenical_altar_mp_vishouse
D:4:      layout_loops_ring, minitemple, gammafunk_ghost_icy,
          minmay_misc_feat_chi, uniq_natasha
D:5:      layout_layer_cave, gup_sewer_entry_pipe

Skill      XL: |  1  2  3  4  5 |
---------------+----------------+-----
Axes           | 3 4 |  4.2
Dodging        | 3 |  3.2
Fighting       | 4 |  4.1
Armour         | 1 |  1.2
Invocations    | 1 |  1.0
Stealth        | |  2.9

Action                   |  1- 3 |  4- 6 || total
-------------------------+-------+-------++-------
Melee: Hand axe          |   147 |   152 ||   299
Throw: Dart              |       |     1 ||     1
  Use: Potion            |     2 |     2 ||     4
       Scroll            |       |     8 ||     8
 Stab: Sleeping          |     3 |     1 ||     4
Armor: Robe              |    42 |     1 ||    43
       Ring mail         |       |    70 ||    70
Dodge: Dodged            |    93 |    70 ||   163
